 Dungeon Crawl Stone Soup version 0.32-a0-938-g40ac7a0f4d (webtiles) character file.

Game seed: 16919442466526063379

60 holysushi the Shooter (level 4, -2/35 HPs)
             Began as a Coglin Hunter on Apr 16, 2024.
             Slain by Natasha (7 damage)
             ... on level 2 of the Dungeon.
             The game lasted 00:00:55 (1805 turns).

holysushi the Shooter (Coglin Hunter)               Turns: 1805, Time: 00:00:55

Health: -2/35      AC:  0    Str: 12    XL:     4   Next: 4%
Magic:  4/4        EV: 13    Int:  8    God:
Gold:   154        SH:  0    Dex: 19    Spells: 3/3 levels left

rFire   . . .        a - melded +2 sling {Genichi}
rCold   . . .        d - melded +0 sling {Arsinoe}
rNeg    . . .        c - melded +0 leather armour
rPois   .            (helmet currently unavailable)
rElec   .            (cloak currently unavailable)
rCorr   .            (gloves currently unavailable)
SInv    .            (boots currently unavailable)
Will    .....        (amulet unavailable)
Stlth   ++           (ring unavailable)
HPRegen 0.25/turn    (ring unavailable)
MPRegen 0.09/turn    (no gizmo)

%: no passive effects
@: pig-form (expiring), slowed
A: fast, no casting, small, (off-hand wielding), (slow wielding), (warmup
strikes), no jewellery
a: Invent Gizmo


You were on level 2 of the Dungeon.
You were a filthy swine.
You visited 1 branch of the dungeon, and saw 2 of its levels.

You collected 154 gold pieces.

Inventory:

Hand Weapons
 a - a +2 sling (melded) {Genichi}
 d - a +0 sling (melded) {Arsinoe}
Missiles
 i - 2 throwing nets
Armour
 c - a +0 leather armour (melded)
Scrolls
 b - a scroll of butterflies
 f - a scroll of fog {unknown}
 g - 2 scrolls of revelation {unknown}
 j - a scroll of blinking {unknown}
Potions
 e - 2 potions of degeneration {unknown}
 h - 2 potions of brilliance {unknown}
 k - 2 potions of lignification {unknown}


   Skills:
 - Level 3.0 Fighting
 + Level 4.5 Ranged Weapons
 - Level 1.7 Dodging
 - Level 0.7 Stealth


You had 3 spell levels left.
You didn't know any spells.
Your spell library contained the following spells:

 Spells                   Type           Power      Damage    Failure   Level
 Freeze                   Ice            0%         1d3       41%         1
 Static Discharge         Conj/Air       0%         3-3/arc   54%         2
 Frozen Ramparts          Ice            0%         1d1       78%         3
 Hailstorm                Conj/Ice       0%         3d5       78%         3
 Airstrike                Air            0%         2d(0-16)  99%         4
 Summon Lightning Spire   Summ/Air       0%         N/A       99%         4


Dungeon Overview and Level Annotations

Branches:
Dungeon (2/15) Zot: 10208

Altars:

Annotations:
D:2 Natasha


Innate Abilities, Weirdness & Mutations

You are a filthy swine.
You move quickly.
Your equipment is almost entirely melded.
You are incapable of wielding weapons or throwing items.
You cannot cast spells.
((You can wield a second weapon in your off-hand.))
((It takes a long time for you to wield or remove held weapons.))
((Your first few attacks do less damage.))
You cannot equip rings or amulets.


Message History

You shoot a sling bullet. The sling bullet hits Natasha.
Natasha is heavily wounded.
Natasha zaps a wand.
You turn into a filthy swine.
Your +2 sling {Genichi} melds into your body.
Your +0 sling {Arsinoe} melds into your body.
Your +0 leather armour melds into your body.
Natasha casts a spell at you.
You feel yourself slow down. Natasha claws you!
You hit Natasha but do no damage.
Natasha is heavily wounded.
Natasha closely misses you.
You hit Natasha.
Natasha is severely wounded.
Natasha casts a spell at you.
You feel as though you will be slow longer.
Natasha barely misses you.
You barely miss Natasha.
Natasha is severely wounded.
Your transformation is almost over.
Natasha claws you!
You hit Natasha but do no damage.
Natasha is severely wounded.
Natasha claws you.
You hit Natasha.
Natasha is almost dead.
Natasha claws you!
Natasha howls an incantation.
You feel troubled.
Natasha mumbles some strange words.
You barely miss Natasha.
Natasha is almost dead.
Natasha closely misses you. The cerulean imp barely misses you.
You hit Natasha but do no damage.
Natasha is almost dead.
Natasha claws you!
* * * LOW HITPOINT WARNING * * *
The cerulean imp misses you. Natasha claws you!
You die...
Natasha curls up and begins to purr.

#.###........♣♣.PPP♣ #.##.#
#... .##
##..#####♣♣.PP♣♣♣##.##.####.#
.#
#.<##....♣♣♣♣♣♣)............
.## ##..##.####
♣♣..........#### #.###.#.##.#
#.###.#####.# ...........#
#.# #.# #.# ###.###.##### #.#
#.# #.#
............######.###.# #.#
.#.#............hh5....# #.#
.##.########.########### #.#
.#### #.# #.# .# #.#
##########.# .# #.#
#........>.# .# #.#
#.########## .# #.# #.# .#
#.# #.# ## #.# #.#


You could see Natasha and a cerulean imp (summoned).

Vanquished Creatures
  Natasha (D:2)
  An adder (D:2)
  2 dart slugs
  4 endoplasms
  2 giant cockroaches
  A hobgoblin (D:2)
  4 ball pythons
  2 frilled lizards (D:1)
  3 goblins
  3 kobolds
  A rat (D:1)
24 creatures vanquished.

Notes
Turn   | Place    | Note
-------+----------+-------------------------------------------
     0 | D:1      | holysushi the Coglin Hunter began the quest for the Orb.
     0 | D:1      | Reached XP level 1. HP: 16/16 MP: 1/1
   267 | D:1      | Reached XP level 2. HP: 23/23 MP: 2/2
   613 | D:2      | Reached skill level 4 in Ranged Weapons
   946 | D:2      | Noticed Natasha
   952 | D:2      | Reached XP level 3. HP: 18/28 MP: 3/3
  1676 | D:2      | Killed Natasha
  1677 | D:2      | Reached XP level 4. HP: 35/35 MP: 4/4
  1793 | D:2      | Noticed Natasha
  1805 | D:2      | Slain by Natasha

Illustrated notes

Levels and vault maps discovered:
D:1:      dpeg_arrival_renting, layout_basic, minmay_pentomino_z4
D:2:      layout_loops_ring, serial_forest, infiniplex_forest_straight_2,
          infiniplex_forest_straight_2, infiniplex_forest_clump_small,
          infiniplex_forest_clump_curved, infiniplex_forest_end_double,
          infiniplex_forest_end_2, infiniplex_forest_zigzag_1,
          infiniplex_forest_lined_room_3, infiniplex_forest_lined_4_way,
          infiniplex_forest_clump_cross, uniq_natasha

Skill      XL: |  1  2  3 |
---------------+----------+-----
Ranged Weapons | 4 |  4.5
Fighting       | 3 |  3.0
Dodging        | |  1.7
Stealth        | |  0.7

Action                     |  1- 3 |  4- 6 || total
---------------------------+-------+-------++-------
  Melee: Unarmed           |     6 |    13 ||    19
   Fire: Sling             |    84 |     6 ||    90
 Armour: Leather armour    |     1 |     1 ||     2
         Skin              |       |     6 ||     6
  Dodge: Dodged            |     8 |     8 ||    16

Table legend: (Time is in decaauts)
 A = Elapsed time spent in this place.
 B = Non-inter-level travel time spent in this place.
 C = Inter-level travel time spent in this place.
 D = Time resting spent in this place.
 E = Time spent auto-exploring this place.
 F = Levels seen in this place.
 G = Mean time per level.
                   A        B        C        D        E       F      G
               +--------+--------+--------+--------+--------+-----+--------+
         Total |   1789 |   1777 |     12 |    500 |   1117 |   2 |  894.5 |
       Dungeon |   1789 |   1777 |     12 |    500 |   1117 |   2 |  894.5 |
               +--------+--------+--------+--------+--------+-----+--------+

Top non-repeatable levels by time:
     D:2: 1178 daAuts
     D:1: 611 daAuts
